 Dungeon Crawl Stone Soup version 0.30-a0-728-gc68057be0a (webtiles) character file.

Game seed: 4657969794660837220

67 Dittersdorf the Covered (level 4, -2/29 HPs)
             Began as a Gargoyle Fighter on Jan 31, 2023.
             Slain by a goblin
             ... wielding a +0 dagger
             ... led by Robin
              (3 damage)
             ... on level 3 of the Dungeon.
             The game lasted 00:01:26 (1455 turns).

Dittersdorf the Covered (Gargoyle Fighter)          Turns: 1455, Time: 00:01:27

Health: -2/29      AC: 11    Str: 21    XL:     4   Next: 16%
Magic:  4/4        EV:  9    Int:  9    God:
Gold:   85         SH:  4    Dex:  9    Spells: 3/3 levels left

rFire   . . .      SeeInvis .    a - +0 flail
rCold   . . .      Faith    .    c - +0 buckler
rNeg    + . .      Spirit   .    b - +0 scale mail
rPois   ∞          Reflect  .    (no helmet)
rElec   +          Harm     .    (no cloak)
rCorr   .          Rampage  .    (no gloves)
Will    .....                    i - +0 pair of boots Stlth
                                 (no amulet)
HPRegen 0.24/turn                g - ring of flight
MPRegen 0.09/turn                (no ring)

@: flying
A: sickness immunity, AC +3, negative energy resistance 1, electricity
resistance, torment resistance 1, petrification resistance
a: no special abilities


You were on level 3 of the Dungeon.
You visited 1 branch of the dungeon, and saw 3 of its levels.

You collected 85 gold pieces.

Inventory:

Hand Weapons
 a - a +0 flail (weapon)
Missiles
 h - 3 poisoned darts (quivered)
Armour
 b - a +0 scale mail (worn)
 c - a +0 buckler (worn)
 i - a +0 pair of boots (worn)
Jewellery
 g - a ring of flight (left hand)
 l - a ring of ice
Scrolls
 j - 2 scrolls of identify {unknown}
 m - a scroll of teleportation {unknown}
 n - a scroll of fog {unknown}
 o - a scroll of butterflies {unknown}
Potions
 d - a potion of might
 e - 2 potions of heal wounds {unknown}
 f - a potion of brilliance {unknown}
 k - 2 potions of degeneration {unknown}


   Skills:
 + Level 3.8 Fighting
 + Level 2.7 Maces & Flails
 + Level 3.9 Armour
 + Level 3.9 Shields


You had 3 spell levels left.
You didn't know any spells.
Your spell library contained the following spells:

 Spells                   Type           Power      Damage    Failure   Level
 Summon Guardian Golem    Hex/Summ       0%         N/A       99%         3
 Orb of Destruction       Conj           0%         9d5       100%        7
 Spellforged Servitor     Conj/Summ      0%         N/A       100%        7


Dungeon Overview and Level Annotations

Branches:
Dungeon (3/15)

Altars:

Annotations:
D:3 Robin


Innate Abilities, Weirdness & Mutations

You are immune to sickness and miasma.
Your stone body is resilient. (AC +3)
You are immune to poison.
You resist negative energy. (rN+)
You are resistant to electric shocks. (rElec)
You are resistant to unholy torment.
You are immune to petrification.


Message History

The hobgoblin hits you but does no damage.
The goblin hits you but does no damage. x3; Robin throws the goblin at you!
The goblin hits you with a +2 dagger of flaming.
The goblin burns you.
The endoplasm quivers.
You are too injured to fight recklessly!
You are too injured to fight recklessly!
You are too injured to fight recklessly!
You are too injured to fight recklessly!
You are too injured to fight recklessly!
You are too injured to fight recklessly!
You are too injured to fight recklessly!
You are too injured to fight recklessly!
You are too injured to fight recklessly!
You sock the goblin!
You kill the goblin!
The frilled lizard closely misses you. The goblin barely misses you.
The goblin hits you with a +0 dagger. The goblin hits you but does no damage.
The hobgoblin hits you but does no damage.
The goblin hits you with a +0 dagger. The goblin closely misses you.
Robin hits you from afar with a +0 trident.
* * * LOW HITPOINT WARNING * * *
The goblin attacks as you move away!
The goblin hits you with a +2 dagger of flaming.
* * * LOW HITPOINT WARNING * * *
The goblin burns you.
* * * LOW HITPOINT WARNING * * *
The goblin attacks as you move away! The goblin misses you.
The goblin no longer looks unusually strong.
The frilled lizard barely misses you. The goblin barely misses you.
Robin throws the goblin at you!
* * * LOW HITPOINT WARNING * * *
There is a stone staircase leading up here.
You see here a +0 club.
You thump the goblin!
You kill the goblin!
You block the frilled lizard's attack. The goblin hits you with a +0 dagger.
* * * LOW HITPOINT WARNING * * *
The goblin hits you with a +0 dagger.
You die...

........#
........#######
.........#.....
...............
.........J.....
.....r.gK#.....
.....KSggg.....
......ggl#
.^....gg@#
.......g.)......
.......##.......
......# #.#####
###### .. ...
... ....


You could see Robin, an endoplasm, 2 hobgoblins, 6 goblins, a ball python, 2
kobolds, a frilled lizard and a rat.

Vanquished Creatures
  An adder (D:2)
  4 dart slugs (D:2)
  4 ball pythons (D:2)
  5 bats
  3 endoplasms
  4 giant cockroaches
  4 goblins
  7 hobgoblins
  3 jackals (D:2)
  3 kobolds
  A quokka (D:1)
  2 frilled lizards
  5 rats
46 creatures vanquished.

Notes
Turn   | Place    | Note
-------+----------+-------------------------------------------
     0 | D:1      | Dittersdorf the Gargoyle Fighter began the quest for the
                  | Orb.
     0 | D:1      | Reached XP level 1. HP: 14/14 MP: 1/1
   152 | D:1      | Reached XP level 2. HP: 19/19 MP: 2/2
   486 | D:1      | Found a faded altar of an unknown god.
   793 | D:2      | Reached XP level 3. HP: 22/23 MP: 3/3
  1274 | D:2      | Reached XP level 4. HP: 29/29 MP: 4/4
  1439 | D:3      | Noticed Robin
  1455 | D:3      | HP: 1/29 [goblin/+0 dagger[Robin] (3)]
  1455 | D:3      | Slain by a goblin

Illustrated notes

Levels and vault maps discovered:
D:1:      dpeg_arrival_rooms_b, layout_loops_cross,
          shapermc_ecumenical_altar_mp_highgroup
D:2:      wad_pebble_path, layout_basic
D:3:      layout_rooms, grunt_gozag_breadcrumbs, uniq_robin

Action                     |  1- 3 |  4- 6 || total
---------------------------+-------+-------++-------
  Melee: Flail             |   119 |    23 ||   142
 Armour: Scale mail        |    79 |    43 ||   122
  Dodge: Dodged            |    52 |    33 ||    85
  Block: Buckler           |    31 |    12 ||    43

Table legend: (Time is in decaauts)
 A = Elapsed time spent in this place.
 B = Non-inter-level travel time spent in this place.
 C = Inter-level travel time spent in this place.
 D = Time resting spent in this place.
 E = Time spent auto-exploring this place.
 F = Levels seen in this place.
 G = Mean time per level.
                   A        B        C        D        E       F      G
               +--------+--------+--------+--------+--------+-----+--------+
         Total |   1499 |   1408 |     91 |      0 |   1085 |   3 |  499.7 |
       Dungeon |   1499 |   1408 |     91 |      0 |   1085 |   3 |  499.7 |
               +--------+--------+--------+--------+--------+-----+--------+

Top non-repeatable levels by time:
     D:1: 765 daAuts
     D:2: 707 daAuts
     D:3: 27 daAuts
